AoeStats
← 口古口古嘎嘎

African Clearing

510696726Analyzed
4v4 RM · 10h ago on Oct 2, 2026· 40m 51s· 8 players
Game mode
Random Map
Map size
Large (8 player)
Population
200
Speed
Normal
Resources
Standard
Victory
Conquest
Starting age
Dark Age
Ending age
Imperial Age
RankedLock teamsTeams togetherTeam positionsShared explorationLock speedFull tech treeHidden civsTurbo modeCheats
Victory
Defeat
🇺🇸 Danes · United States
1746
+10
🇨🇳 Magyars · China
1733
+11
🇨🇳 Chinese · China
1658
+14
🇸🇬 Huns · Singapore
1636
+13
🇺🇸 Koreans · United States
1638
-13
🇹🇼 Danes · Taiwan
1611
-12
🇺🇸 Varangians · United States
1608
-12
🇩🇪 Italians · Germany
1571
-11
Backspace
3:20 Loom
13:49 Feudal Age
18:15 Castle Age
16:08 Double-Bit Axe
17:17 Horse Collar
18:31 Light Cavalry
20:41 Wheelbarrow
20:07 Heavy Plow
20:22 Bow Saw
24:28 Fletching
26:10 Bodkin Arrow
27:51 Padded Archer Armor
28:57 Hand Cart
29:29 Husbandry
30:17 Town Watch
34:05 Imperial Age
30:56 Crossbowman
31:59 Thumb Ring
32:33 Leather Archer Armor
32:53 Ballistics
33:33 Gold Mining
35:14 Bracer
36:59 Elite Skirmisher
38:59 Chemistry
39:45 Ring Archer Armor
Jenius
11:40 Loom
13:26 Feudal Age
15:02 Double-Bit Axe
18:00 Castle Age
19:06 Bow Saw
19:00 Horse Collar
20:00 Heavy Plow
20:40 Wheelbarrow
20:28 Stone Mining
24:48 Hand Cart
24:59 Town Watch
25:46 Gold Mining
31:30 Imperial Age
29:16 Scale Mail Armor
29:27 Forging
31:09 Chain Mail Armor
31:11 Squires
30:58 Gambesons
32:18 Iron Casting
32:42 Plate Mail Armor
32:37 Capped Ram
34:04 Elite Varangian Guard
34:05 Hamask
34:27 Northmen's Fury
36:04 Conscription
37:08 Blast Furnace
37:47 Siege Ram
39:44 Siege Engineers
口古口古嘎嘎
10:41 Loom
13:07 Feudal Age
14:32 Town Watch
18:01 Castle Age
16:14 Double-Bit Axe
20:00 Scale Barding Armor
30:21 Husbandry
35:12 Wheelbarrow
Arietta Fine
13:25 Feudal Age
14:41 Double-Bit Axe
17:04 Castle Age
16:14 Gold Mining
17:10 Loom
17:27 Fletching
18:18 Bow Saw
24:56 Horse Collar
27:06 Bodkin Arrow
29:25 Heavy Plow
29:48 Husbandry
31:24 Wheelbarrow
32:41 Bloodlines
34:26 Town Watch
34:52 Thumb Ring
36:21 Hand Cart
37:08 Padded Archer Armor
41:14 Imperial Age
39:10 Scale Barding Armor
39:16 Forging
40:06 Marauders
40:30 Chain Barding Armor
41:14 Gold Shaft Mining
41:19 Leather Archer Armor
BomBomB0
9:51 Loom
12:17 Feudal Age
12:54 Double-Bit Axe
13:54 Bloodlines
19:25 Scale Barding Armor
22:57 Horse Collar
24:54 Town Watch
27:33 Castle Age
27:36 Light Cavalry
28:16 Husbandry
28:28 Bow Saw
33:43 Forging
36:31 Wheelbarrow
嗚
12:51 Loom
15:09 Feudal Age
15:49 Fishing Lines
19:54 Stone Mining
24:57 Castle Age
23:10 Gold Mining
23:50 Double-Bit Axe
25:29 Wheelbarrow
25:31 Gillnets
25:34 Fletching
25:57 Bow Saw
26:58 Gold Shaft Mining
26:59 Stone Shaft Mining
28:18 Ballistics
31:20 Thumb Ring
34:36 Imperial Age
32:55 Husbandry
36:20 Chemistry
35:22 Bodkin Arrow
35:23 Elite War Wagon
36:26 Conscription
36:38 Bracer
40:35 Two-Man Saw
蔡正平
6:06 Loom
15:07 Feudal Age
22:01 Castle Age
21:08 Fishing Lines
21:15 Double-Bit Axe
21:45 Horse Collar
23:18 Bow Saw
32:26 Wheelbarrow
32:13 Gillnets
33:03 Scale Mail Armor
33:28 Squires
34:29 Gold Mining
34:40 Heavy Plow
35:48 Fletching
36:32 Bodkin Arrow
Mewes96
9:47 Loom
12:35 Feudal Age
16:50 Castle Age
15:03 Double-Bit Axe
16:07 Fletching
17:03 Scale Mail Armor
18:52 Crossbowman
22:35 Bodkin Arrow
23:42 Gold Mining
24:21 Padded Archer Armor
29:21 Ballistics
30:23 Wheelbarrow
34:57 Bow Saw
35:15 Horse Collar
38:46 Leather Archer Armor
41:02 Chain Mail Armor
40:58 Forging
Connection lost

Rejoining the realm…

Still unreachable

The connection could not be restored.

Session expired

The server has moved on; the page needs a fresh start.